 Dungeon Crawl Stone Soup version 0.28.0 (webtiles) character file.

Game seed: 10604998061871457515

310 Hasart the Shield-Bearer (level 5, -2/45 HPs)
             Began as a Demigod Fighter on Feb 11, 2022.
             Slain by an ogre (7 damage)
             ... on level 4 of the Dungeon.
             The game lasted 00:06:13 (3538 turns).

Hasart the Shield-Bearer (Demigod Fighter)          Turns: 3538, Time: 00:06:14

Health: -2/45      AC: 19    Str: 17    XL:     5   Next: 95%
Magic:  7/7        EV:  7    Int: 16    God:
Gold:   87         SH: 10    Dex: 17    Spells: 4/4 levels left

rFire   + . .      SeeInvis .   r - +11 flail of Truncation {protect, Drain rElec Int+6}
rCold   . . .      Faith    .   c - +0 buckler
rNeg    + . .      Spirit   .   u - +2 chain mail {rF+}
rPois   .          Reflect  +   (no helmet)
rElec   +          Harm     .   (no cloak)
rCorr   .          Rampage  .   (no gloves)
Will    .....                   t - +0 pair of boots
Stlth   ..........              g - amulet of reflection
HPRegen 0.15/turn               m - ring of positive energy
MPRegen 0.10/turn               (no ring)

@: under a protective aura
A: high MP 1, forlorn, divine attributes
a: no special abilities


You were on level 4 of the Dungeon.
You visited 1 branch of the dungeon, and saw 4 of its levels.
You also visited: Ossuary.

You collected 240 gold pieces.
You spent 153 gold pieces at shops.

Inventory:

Hand Weapons
 a - a +0 long sword
 r - the +11 flail of Truncation (weapon) {protect, Drain rElec Int+6}
   (You bought it in a shop on level 3 of the Dungeon)

   It grants its wielder temporary protection when it strikes (+7 to AC).
   Int:       It affects your intelligence (+6).
   rElec:     It insulates you from electricity.
   Drain:     It drains your maximum health when unequipped.
Armour
 c - a +0 buckler (worn)
 t - a +0 pair of boots (worn)
 u - a +2 chain mail of fire resistance (worn)
Jewellery
 g - an amulet of reflection (around neck)
 m - a ring of positive energy (left hand)
Wands
 n - a wand of flame (1)
Scrolls
 f - a scroll of fear {unknown}
 h - a scroll of holy word {unknown}
 i - a scroll of teleportation {unknown}
 j - a scroll of silence {unknown}
 l - a scroll of enchant armour {unknown}
 o - 4 scrolls of identify {unknown}
 p - 2 scrolls of magic mapping {unknown}
 w - a scroll of noise {unknown}
Potions
 b - 2 potions of magic {unknown}
 d - 4 potions of might
 e - 3 potions of heal wounds {unknown}
 k - a potion of haste {unknown}
 q - 2 potions of curing {unknown}
 s - 4 potions of mutation {unknown}
 v - 3 potions of attraction {unknown}
 x - a potion of cancellation {unknown}


   Skills:
 + Level 3.4 Fighting
 - Level 2.7 Long Blades
 * Level 1.9 Maces & Flails
 + Level 3.4 Armour
 + Level 1.8 Dodging
 + Level 3.5 Shields
 + Level 1.4 Evocations


You had 4 spell levels left.
You didn't know any spells.
Your spell library was empty.

Dungeon Overview and Level Annotations

Branches:
Dungeon (4/15)            Ossuary (visited)
 Temple: D:4-7

Shops:
D:3 (


Innate Abilities, Weirdness & Mutations

You have an increased reservoir of magic. (+10% MP)
You shall have no god before yourself.
Your divine heritage dramatically boosts your attributes as you level up.


Message History

Found a stone staircase leading up.
An ogre comes into view. It is wielding a +0 giant club.
Found a stone staircase leading down.
The ogre shouts!
An ogre is nearby!
An ogre is nearby!
An ogre is nearby!
Aiming: Throw Flame
Press: ? - help, Shift-Dir - straight line, f - ogre
Aim: an ogre, wielding a +0 giant club (86% to hit)
The puff of flame hits the ogre.
The ogre is lightly wounded.
An ogre is nearby!
Aiming: Throw Flame
Press: ? - help, Shift-Dir - straight line, f/p - ogre
Aim: an ogre, wielding a +0 giant club (lightly wounded, 86% to hit)
The puff of flame hits the ogre!
The ogre is heavily wounded.
Aiming: Throw Flame
Press: ? - help, Shift-Dir - straight line, f/p - ogre
Aim: an ogre, wielding a +0 giant club (heavily wounded, 86% to hit)
The puff of flame misses the ogre.
You thump the ogre!
Your weapon exudes an aura of protection.
The ogre is severely wounded.
The ogre hits you with a +0 giant club!!
You hit the ogre.
The ogre is severely wounded.
The ogre hits you with a +0 giant club!
You barely miss the ogre.
The ogre is severely wounded.
The ogre hits you with a +0 giant club!
* * * LOW HITPOINT WARNING * * *
You thump the ogre!
The ogre is almost dead.
The ogre hits you but does no damage.
You barely miss the ogre.
The ogre is almost dead.
The ogre hits you with a +0 giant club!
You die...

#................ ...
.###.#............
##...######.....
#.....# #....#
##...## #....# #
##.#######....#.# #.#
#...#....#.# #.#
#...#......##
#.###.###...##.@....#
#..............O###.#
#.####..........##
.####
#...........#>.....
####<..#.......#
#...#.......#
#...#.##....#
##......###.# #.##.#.
...


You could see an ogre.

Vanquished Creatures
  A water moccasin zombie (Ossuary)
  Jessica (D:3)
  Terence (D:3)
  An orc wizard (D:4)
  3 mummies
  4 adders
  2 adder zombies (Ossuary)
  2 worms
  A dart slug (D:1)
  6 orcs
  2 bats
  9 endoplasms
  2 giant cockroaches
  3 gnoll zombies (Ossuary)
  3 goblins
  7 hobgoblins
  7 quokkas
  4 ball pythons
  2 frilled lizards (D:2)
  6 hobgoblin zombies (Ossuary)
  8 kobolds
  6 kobold zombies (Ossuary)
  7 orc zombies (Ossuary)
  A quokka skeleton (D:4)
  6 rats
95 creatures vanquished.

Notes
Turn   | Place    | Note
-------+----------+-------------------------------------------
     0 | D:1      | Hasart the Demigod Fighter began the quest for the Orb.
     0 | D:1      | Reached XP level 1. HP: 18/18 MP: 3/3
   395 | D:1      | Reached XP level 2. HP: 22/25 MP: 4/4
  1301 | D:2      | Reached XP level 3. HP: 19/30 MP: 5/5
  1841 | D:2      | Reached skill level 1 in Dodging
  2701 | D:3      | Reached XP level 4. HP: 36/38 MP: 6/6
  2792 | D:3      | Found Qunwytuc's Antique Weapon Boutique.
  2802 | D:3      | Bought a translucent flail for 153 gold pieces
  2802 | D:3      | Identified the +11 flail of Truncation {protect, Drain
                  | rElec Int+6} (You bought it in a shop on level 3 of the
                  | Dungeon)
  2807 | D:3      | Noticed Jessica
  2811 | D:3      | Killed Jessica
  3017 | D:3      | Noticed Terence
  3021 | D:3      | Killed Terence
  3022 | D:3      | Reached skill level 1 in Evocations
  3264 | D:4      | Reached skill level 1 in Maces & Flails
  3266 | D:4      | Reached XP level 5. HP: 45/45 MP: 7/7
  3291 | D:4      | Found a sand-covered staircase.
  3299 | Ossuary  | Entered an ossuary
  3525 | D:4      | Noticed an ogre
  3538 | D:4      | Slain by an ogre

Illustrated notes

Levels and vault maps discovered:
D:1:      dpeg_arrival_solitude, layout_loops_ring, basic_ecumenical_altar
D:2:      layout_loops_corners, kennysheep_generic_room_11
D:3:      layout_loops_corners, serial_shops, nicolae_shop_hallway_plus,
          uniq_terence, uniq_jessica
D:4:      layout_loops_cross, old_standard_altar, gup_ossuary_entry_pyramid

Skill      XL: |  1  2  3  4 |
---------------+-------------+-----
Long Blades    | 2 |  2.7
Shields        | 3 |  3.5
Armour         | 3 |  3.4
Fighting       | 3 |  3.4
Dodging        | 1 |  1.8
Evocations     | 1 |  1.4
Maces & Flails | 1 |  1.9

Action                   |  1- 3 |  4- 6 || total
-------------------------+-------+-------++-------
Melee: Long sword        |   145 |     4 ||   149
       Flail             |       |    97 ||    97
Evoke: Wand              |     5 |     3 ||     8
Armor: Scale mail        |    48 |     3 ||    51
       Chain mail        |       |    26 ||    26
Dodge: Dodged            |    45 |    21 ||    66
Block: Buckler           |    62 |    51 ||   113
       Reflection        |     2 |       ||     2
